 Dungeon Sprint DCSS version 0.31-a0-664-g902f515a81 (webtiles) character file.

Game seed: 14401368609146706098

1326 rocky1 the Carver (level 8, 0/64 HPs)
             Began as a Djinni Gladiator on Sept 3, 2023.
             Was a Believer of Cheibriados.
             Splashed by a brown ugly thing's acid (8 damage)
             ... in the Dungeon (Sprint IX: "|||||||||||||||||||||||||||||").
             The game lasted 00:02:09 (938 turns).

rocky1 the Carver (Djinni Gladiator)                 Turns: 938, Time: 00:02:10

Health: 0/64       AC:  4    Str: 18    XL:     8   Next: 91%
Gold:   0          EV: 15    Int: 15    God:    Cheibriados [**....] SH:  0 Dex: 25

rFire   + + .        l - +2 scimitar (flame)
rCold   x . .        (no shield)
rNeg    . . .        n - +1 chain mail
rPois   ∞            c - +0 helmet
rElec   .            m - +0 cloak
rCorr   .            (no gloves)
SInv    .            (boots unavailable)
Will    .....        (no amulet) Stlth
                     o - +3 ring of dexterity
HPRegen 0.30/turn    p - +2 ring of evasion
MPRegen 0.00/turn

%: no teleportation, infuse magic (-1 HP)
@: corroded, flying, very slow
A: sickness immunity, fire resistance 2, cold vulnerability 1, float, innate
caster, HP casting, extra vitality 1
a: Renounce Religion, Bend Time


You were in the Dungeon.
You worshipped Cheibriados.
Cheibriados was pleased with you.
You visited 1 branch

Inventory:

Hand Weapons
 a - a +0 long sword
 l - a +2 scimitar of flaming (weapon)
Missiles
 d - 3 throwing nets (quivered)
 e - a javelin
Armour
 b - a +0 leather armour
 c - a +0 helmet (worn)
 m - a +0 cloak (worn)
 n - a +1 chain mail (worn)
Jewellery
 o - a +3 ring of dexterity (left hand)
 p - a +2 ring of evasion (right hand)
Wands
 k - a wand of quicksilver (10)
Scrolls
 j - 2 scrolls of blinking
Potions
 f - 5 potions of curing
 g - 2 potions of heal wounds
 h - a potion of invisibility
 i - a potion of berserk rage


   Skills:
 * Level 7.2 Fighting
 * Level 12.8 Long Blades
 - Level 2.3 Throwing
 + Level 4.0 Armour
 + Level 8.5 Dodging
 * Level 2.1 Spellcasting
 * Level 2.1 Conjurations
 * Level 2.1 Hexes
 * Level 2.1 Summonings
 * Level 2.1 Necromancy
 * Level 2.1 Translocations
 * Level 2.1 Transmutations
 * Level 2.1 Fire Magic
 * Level 2.1 Ice Magic
 * Level 2.1 Air Magic
 * Level 2.1 Earth Magic
 * Level 2.1 Poison Magic
 * Level 5.0 Invocations


You knew the following spells:

 Your Spells              Type           Power      Damage    Failure   Level
a - Necrotise             Necr           28%        1d5       63%         1
b - Ensorcelled Hibernat  Hex/Ice        14%        N/A       77%         2
c - Ignite Poison         Fire/Tmut/Pois 7%         N/A       94%         3
Your spell library was empty.

Dungeon Overview and Level Annotations

Branches:
Dungeon (1/1)

Altars:
Cheibriados
Dithmenos
Elyvilon
Fedhas
Gozag
Hepliaklqana
Makhleb
Nemelex Xobeh
Okawaru
Qazlal
Ru
Trog
Uskayaw
Wu Jian
Xom
Yredelemnul
Zin
The Shining One
Jiyva
Lugonu


Innate Abilities, Weirdness & Mutations

You are immune to sickness and miasma.
You are immune to poison.
Your flesh is very heat resistant. (rF++)
You are vulnerable to cold. (rC-)
You float through the air rather than walking.
You learn spells naturally, not from books.
Your magical power is your life essence.
You have superior vitality. (+4 MHP)


Message History

The boulder beetle resists with some effort.
The boulder beetle bites you.
Unknown command.
The flow of time bends around you.
Cheibriados rebukes the boulder beetle.
The boulder beetle seems to slow down.
The boulder beetle bites you but does no damage.
Unknown command.
You hit the boulder beetle but do no damage.
The boulder beetle is lightly wounded.
You slash the boulder beetle! You burn the boulder beetle.
The boulder beetle is moderately wounded.
The boulder beetle misses you.
You slash the boulder beetle! You burn the boulder beetle.
The boulder beetle is heavily wounded.
You slash the boulder beetle! You burn the boulder beetle.
The boulder beetle is severely wounded.
The boulder beetle bites you!
You hit the boulder beetle but do no damage.
The boulder beetle is severely wounded.
You slash the boulder beetle! You burn the boulder beetle.
You kill the boulder beetle!
Your Fighting skill increases to level 7!
Your Long Blades skill increases to level 12!
Your Armour skill increases to level 4!
Your Invocations skill increases to level 5!
You completely miss the brown ugly thing.
You closely miss the brown ugly thing. The brown ugly thing trunk-slaps you.
You are splashed with acid!
You slash the brown ugly thing! You burn the brown ugly thing.
The brown ugly thing is moderately wounded.
The brown ugly thing trunk-slaps you! The acid corrodes you!
You are splashed with acid!
* * * LOW HITPOINT WARNING * * *
You hit the brown ugly thing. You burn the brown ugly thing.
The brown ugly thing is moderately wounded.
The brown ugly thing trunk-slaps you.
* * * LOW HITPOINT WARNING * * *
The acid corrodes you!
You are splashed with acid!
You die... ▓▓▓▓▓▓▓▓▓▓▓▓▓▓▓▓▓▓▓▓▓▓▓▓ '!?).[....'))...@uuTp.y. ▓▓▓▓▓▓▓▓▓▓▓▓▓▓▓▓▓▓▓▓▓▓▓▓

You could see 2 ugly things, a troll, a human and a vampire mosquito.

Vanquished Creatures
  A boulder beetle (D)
  A yak (D)
  A wyvern (D)
  An orc warrior (D)
  2 centaurs (D)
  A phantom (D)
  A scorpion (D)
  A killer bee (D)
  An iguana (D)
  An adder (D)
  An orc (D)
  An endoplasm (D)
  A giant cockroach (D)
  A goblin (D)
  A hobgoblin (D)
  A rat (D)
17 creatures vanquished.

Notes
Turn   | Place    | Note
-------+----------+-------------------------------------------
     0 | D        | rocky1 the Djinni Gladiator began the quest for the Orb.
     0 | D        | Reached XP level 1. HP: 18/18 MP: 0/0
     9 | D        | Reached skill level 3 in Long Blades
    16 | D        | Reached XP level 2. HP: 18/23 MP: 0/0
    43 | D        | Noticed a scorpion
    43 | D        | Noticed a phantom
    53 | D        | Killed a scorpion
    54 | D        | Reached skill level 5 in Long Blades
    54 | D        | Reached skill level 5 in Dodging
    54 | D        | Reached XP level 3. HP: 26/29 MP: 0/0
    54 | D        | Learned a level 1 spell: Necrotise
    54 | D        | Reached XP level 4. HP: 30/34 MP: 0/0
    73 | D        | Killed a phantom
    74 | D        | Reached skill level 7 in Long Blades
    74 | D        | Reached skill level 1 in Armour
    74 | D        | Reached XP level 5. HP: 6/41 MP: 0/0
    74 | D        | Learned a level 2 spell: Ensorcelled Hibernation
   497 | D        | Found a snail-covered altar of Cheibriados.
   497 | D        | Found a shadowy altar of Dithmenos.
   497 | D        | Found a white marble altar of Elyvilon.
   497 | D        | Found a blossoming altar of Fedhas.
   497 | D        | Found an opulent altar of Gozag.
   498 | D        | Found a hazy altar of Hepliaklqana.
   499 | D        | Found a viscous altar of Jiyva.
   501 | D        | Found a corrupted altar of Lugonu.
   502 | D        | Found a burning altar of Makhleb.
   503 | D        | Found a sparkling altar of Nemelex Xobeh.
   504 | D        | Found an iron altar of Okawaru.
   505 | D        | Found a stormy altar of Qazlal.
   506 | D        | Found a sacrificial altar of Ru.
   508 | D        | Found a bloodstained altar of Trog.
   509 | D        | Found a hide-covered altar of Uskayaw.
   511 | D        | Found an ornate altar of the Wu Jian Council.
   537 | D        | Became a worshipper of Cheibriados the Contemplative
   549 | D        | Found a shimmering altar of Xom.
   550 | D        | Found a basalt altar of Yredelemnul.
   551 | D        | Found a glowing silver altar of Zin.
   552 | D        | Found a glowing golden altar of the Shining One.
   597 | D        | Noticed a centaur
   597 | D        | Noticed a wyvern
   597 | D        | Noticed an orc warrior
   597 | D        | Noticed a yak
   597 | D        | Noticed a centaur
   599 | D        | Killed a centaur
   600 | D        | Reached skill level 8 in Long Blades
   600 | D        | Reached skill level 1 in Spellcasting
   600 | D        | Reached skill level 1 in Conjurations
   600 | D        | Reached skill level 1 in Hexes
   600 | D        | Reached skill level 1 in Summonings
   600 | D        | Reached skill level 1 in Necromancy
   600 | D        | Reached skill level 1 in Translocations
   600 | D        | Reached skill level 1 in Transmutations
   600 | D        | Reached skill level 1 in Fire Magic
   600 | D        | Reached skill level 1 in Ice Magic
   600 | D        | Reached skill level 1 in Air Magic
   600 | D        | Reached skill level 1 in Earth Magic
   600 | D        | Reached skill level 1 in Poison Magic
   600 | D        | Reached skill level 1 in Invocations
   600 | D        | Reached XP level 6. HP: 46/48 MP: 0/0
   601 | D        | Reached * piety under Cheibriados
   604 | D        | Killed a wyvern
   605 | D        | Reached skill level 5 in Fighting
   605 | D        | Reached skill level 9 in Long Blades
   605 | D        | Reached XP level 7. HP: 50/54 MP: 0/0
   605 | D        | Learned a level 3 spell: Ignite Poison
   615 | D        | Killed a yak
   615 | D        | Reached ** piety under Cheibriados
   616 | D        | Reached skill level 10 in Long Blades
   622 | D        | Reached skill level 11 in Long Blades
   625 | D        | Reached XP level 8. HP: 30/61 MP: 0/0
   924 | D        | Noticed a boulder beetle
   924 | D        | Noticed a troll
   924 | D        | Noticed a human
   924 | D        | Noticed a brown ugly thing
   924 | D        | Noticed a brown ugly thing
   934 | D        | Killed a boulder beetle
   935 | D        | Reached skill level 12 in Long Blades
   935 | D        | Reached skill level 5 in Invocations
   938 | D        | Splashed by a brown ugly thing's acid

Illustrated notes

Levels and vault maps discovered:
D:        linesprint [early_d, line_temple, items_1, d_10, items_2, lair_1,
          lair_end, items_3, orc_1, orc_end, items_4, d_15, swamp_1, shoals_1,
          snake_1, spider_1, d_20, vaults_1, items_5, swamp_end, shoals_end,
          snake_end, spider_end, vaults_end, d_27, items_6, zot_1, zot_end,
          crypt_end, forest_end, elf_end, slime_end, tomb_end, abyss_end,
          pan_hell_end]

Skill      XL: |  1  2  3  4  5  6  7  8 |
---------------+-------------------------+-----
Long Blades    | 3 5 7 8 9 11 12 | 12.8
Dodging        | 4 5 6 7 8 |  8.5
Throwing       | 2 |  2.3
Fighting       | 3 4 5 6 7 |  7.2
Armour         | 1 2 3 4 |  4.0
Spellcasting   | 1 2 |  2.1
Conjurations   | 1 2 |  2.1
Hexes          | 1 2 |  2.1
Summonings     | 1 2 |  2.1
Necromancy     | 1 2 |  2.1
Translocations | 1 2 |  2.1
Transmutations | 1 2 |  2.1
Fire Magic     | 1 2 |  2.1
Ice Magic      | 1 2 |  2.1
Air Magic      | 1 2 |  2.1
Earth Magic    | 1 2 |  2.1
Poison Magic   | 1 2 |  2.1
Invocations    | 1 3 4 5 |  5.0

Action                     |  1- 3 |  4- 6 |  7- 9 || total
---------------------------+-------+-------+-------++-------
  Melee: Long sword        |    20 |    35 |       ||    55
         Scimitar          |       |     6 |    30 ||    36
         Punch             |       |     1 |       ||     1
 Invoke: Bend Time         |       |       |     2 ||     2
    Use: Potion            |     1 |       |     1 ||     2
 Armour: Leather armour    |     5 |    14 |       ||    19
         Chain mail        |       |     5 |    19 ||    24
  Dodge: Dodged            |    13 |    17 |    13 ||    43

Table legend: (Time is in decaauts)
 A = Elapsed time spent in this place.
 B = Non-inter-level travel time spent in this place.
 C = Inter-level travel time spent in this place.
 D = Time resting spent in this place.
 E = Time spent auto-exploring this place.
 F = Levels seen in this place.
 G = Mean time per level.
                   A        B        C        D        E       F      G
               +--------+--------+--------+--------+--------+-----+--------+
         Total |    936 |    936 |      0 |    714 |      0 |   1 |  936.0 |
       Dungeon |    936 |    936 |      0 |    714 |      0 |   1 |  936.0 |
               +--------+--------+--------+--------+--------+-----+--------+

Top non-repeatable levels by time:
       D: 936 daAuts
